 Dungeon Crawl Stone Soup version 0.29-a0-453-gf113fcf677 (webtiles) character file.

Game seed: 6568707499165105387

2508 Goodini51 the Slasher (level 9, -5/68 HPs)
             Began as a Human Wanderer on May 19, 2022.
             Slain by Duvessa
             ... wielding a +2 short sword of electrocution
              (16 damage)
             ... on level 6 of the Dungeon on May 20, 2022.
             The game lasted 00:44:07 (7857 turns).

Goodini51 the Slasher (Human Wanderer)              Turns: 7857, Time: 00:44:07

Health: -5/68      AC:  7    Str: 21    XL:     9   Next: 83%
Magic:  9/9        EV: 12    Int: 20    God:
Gold:   348        SH:  4    Dex: 11    Spells: 8/8 levels left

rFire   + . .      SeeInvis .   K - +7 Singing Sword {vorpal, sonic wave}
rCold   . . .      Faith    .   c - +0 buckler
rNeg    . . .      Spirit   .   A - +1 leather armour of Seehil {Fly Regen+ Int+4}
rPois   .          Reflect  .   (no helmet)
rElec   .          Harm     .   s - +0 cloak
rCorr   .          Rampage  .   (no gloves)
Will    .....                   e - +1 pair of boots
Stlth   +.........              (no amulet)
HPRegen 1.01/turn               C - ring of protection from fire
MPRegen 0.11/turn               O - +6 ring of intelligence

@: flying
A: no striking features
a: no special abilities


You were on level 6 of the Dungeon.
You visited 1 branch of the dungeon, and saw 6 of its levels.

You collected 348 gold pieces.

Inventory:

Hand Weapons
 a - a +2 mace
 B - a +1 hunting sling of freezing
 H - a +0 flail of protection
 K - the +7 Singing Sword (weapon) {vorpal, sonic wave}
   (You found it on level 4 of the Dungeon)

   It inflicts extra damage upon your enemies.
   It radiates damaging sonic waves as it strikes, especially in combat
   involving dangerous or numerous foes.
 N - a +4 battleaxe of flaming
 Q - the +8 Wrath of Trog {antimagic, *Rage Rampage}
   (You found it on level 5 of the Dungeon)

   It reduces the magical energy of the wielder, and disrupts the spells and
   magical abilities of those it strikes.
   Natural abilities and divine invocations are not affected.
   It causes slowness and exhaustion when equipped.
   It extends the wielder's berserk rage when killing foes.
   *Rage:     It berserks you when you make melee attacks (+50% chance).
   Rampage:   It bestows one free step when moving towards enemies.
Missiles
 v - 2 boomerangs (quivered)
Armour
 c - a +0 buckler (worn)
 e - a +1 pair of boots (worn)
 s - a +0 cloak (worn)
 A - the +1 leather armour of Seehil (worn) {Fly Regen+ Int+4}
   (You found it on level 3 of the Dungeon)

   Int:       It affects your intelligence (+4).
   Fly:       It grants you flight.
   Regen:     It increases your rate of health regeneration.
 J - a +1 leather armour of poison resistance
 L - a +1 plate armour of willpower
Magical Staves
 o - a staff of air
Jewellery
 C - a ring of protection from fire (left hand)
 O - a +6 ring of intelligence (right hand)
Wands
 u - a wand of flame (10)
Scrolls
 f - a scroll of fear
 i - a scroll of magic mapping
 l - a scroll of torment
 n - 3 scrolls of identify
 p - 3 scrolls of poison {unknown}
 q - 2 scrolls of summoning
 x - 2 scrolls of amnesia {unknown}
 y - 2 scrolls of silence
 E - 2 scrolls of vulnerability
 F - a scroll of acquirement {unknown}
 G - a scroll of blinking {unknown}
 I - 2 scrolls of enchant armour {unknown}
 M - a scroll of noise
 P - 3 scrolls of teleportation {unknown}
Potions
 b - a potion of lignification
 d - 3 potions of berserk rage
 g - 5 potions of haste {unknown}
 j - 2 potions of might {unknown}
 k - a potion of resistance {unknown}
 m - a potion of ambrosia {unknown}
 r - a potion of invisibility {unknown}
 t - 4 potions of heal wounds {unknown}
 w - a potion of degeneration {unknown}
 z - a potion of brilliance {unknown}
 D - a potion of cancellation {unknown}


   Skills:
 + Level 5.6 Fighting
 * Level 7.8 Long Blades
 - Level 6.0 Maces & Flails
 + Level 1.7 Throwing
 + Level 3.9 Armour
 + Level 3.7 Dodging
 - Level 1.4 Stealth
 + Level 2.8 Shields
 + Level 1.0 Unarmed Combat
 + Level 0.2 Evocations


You had 8 spell levels left.
You didn't know any spells.
Your spell library contained the following spells:

 Spells                   Type           Power      Damage    Failure   Level
 Slow                     Hex            0%         N/A       28%         1
 Confusing Touch          Hex            0%         N/A       65%         3
 Vampiric Draining        Necr           0%         2d6       65%         3


Dungeon Overview and Level Annotations

Branches:
Dungeon (6/15)
 Temple: D:4-7

Altars:
Okawaru

Annotations:
D:4 2 runed translucent doors
D:6 Dowan, Duvessa


Message History

The water moccasin is almost dead.
You feel sick. You block the water moccasin's attack.
The scorpion stings you but does no damage.
You slash the water moccasin!
You kill the water moccasin!
You feel sick. Duvessa misses you. The scorpion stings you.
Duvessa hits you with a +2 short sword of electrocution!
* * * LOW HITPOINT WARNING * * *
You feel sick. Duvessa closely misses you.
Dowan gestures wildly while chanting.
Dowan blinks!
The scorpion attacks as you move away!
The scorpion stings you but does no damage.
Duvessa attacks as you move away!
Duvessa hits you with a +2 short sword of electrocution.
* * * LOW HITPOINT WARNING * * *
You feel sick. You block Duvessa's attack.
The scorpion attacks as you move away! The scorpion stings you.
* * * LOW HITPOINT WARNING * * *
You feel sick. The scorpion misses you. The scorpion attacks as you move away!
The scorpion stings you.
* * * LOW HITPOINT WARNING * * *
You feel sick.
You feel better.
Duvessa hits you with a +2 short sword of electrocution.
* * * LOW HITPOINT WARNING * * *
The scorpion closely misses you. Duvessa attacks as you move away!
You block Duvessa's attack.
Duvessa hits you with a +2 short sword of electrocution.
* * * LOW HITPOINT WARNING * * *
The scorpion attacks as you move away! You block the scorpion's attack.
Duvessa gestures with her weapon.
You block Duvessa's attack.
Dowan gestures wildly while chanting.
Dowan blinks!
You barely miss Duvessa.
Duvessa hits you with a +2 short sword of electrocution!
* * * LOW HITPOINT WARNING * * *
Duvessa hits you but does no damage.
You are electrocuted!
You die...

####.#.#.# ...#.#.#.#.# ..
............ #.# ##.#.###.#.#
#.# # ...#.# ... ..
.>.(.###.# #.# .######
##.†.....# ### #.##.......
#.#.#########.#####..e.......
...#.####.......@es§..#.#...#
...#(...#.####.###..........#
...#####...###.###.##...#...#
... #...........##.†.....#
... #...###.######.........
#......................
#.......##.............
+.......############...
#.......# ##


You could see Duvessa (fast), Dowan and a scorpion.

Vanquished Creatures
  Grinder (D:5)
  Sigmund (D:5)
  A wyvern (D:4)
  A water moccasin (D:6)
  An ice beast (D:6)
  A black bear (D:5)
  2 ogres (D:5)
  2 phantoms (D:4)
  Blork the orc (D:6)
  A necrophage (D:5)
  6 scorpions
  A gnoll sergeant (D:4)
  A wight (D:4)
  A killer bee (D:5)
  3 jellies
  3 hounds (D:5)
  An orc priest (D:4)
  4 orc wizards
  3 iguanas (D:5)
  Terence (D:3)
  Robin (D:3)
  5 gnolls
  15 adders
  2 white imps
  3 ufetubi (D:6)
  4 worms
  2 dart slugs
  13 orcs
  9 ball pythons
  3 bats
  8 endoplasms
  4 giant cockroaches
  16 goblins
  8 hobgoblins
  17 jackals
  4 quokkas
  2 frilled lizards
  5 kobolds
  8 rats
165 creatures vanquished.

Vanquished Creatures (others)
  27 plants (D:5)
27 creatures vanquished.

Grand Total: 192 creatures vanquished

Notes
Turn   | Place    | Note
-------+----------+-------------------------------------------
     0 | D:1      | Goodini51 the Human Wanderer began the quest for the Orb.
     0 | D:1      | Goodini51 set off with the following items: a +2 mace, a
                  | potion of lignification, a +0 buckler, a potion of berserk
                  | rage, a +0 leather armour
     0 | D:1      | Reached XP level 1. HP: 18/18 MP: 1/1
   183 | D:1      | Reached XP level 2. HP: 19/24 MP: 2/2
   859 | D:1      | Reached XP level 3. HP: 14/29 MP: 3/3
  1617 | D:2      | Reached XP level 4. HP: 35/35 MP: 4/4
  1938 | D:2      | Identified the +5 scale mail of Surprise {Harm Str-3 Dex+5}
  1964 | D:2      | Reached skill level 1 in Dodging
  2331 | D:2      | Reached XP level 5. HP: 28/41 MP: 5/5
  3270 | D:3      | Identified the +1 leather armour of Seehil {Fly Regen+
                  | Int+4}
  3532 | D:3      | Noticed Terence
  3545 | D:3      | Killed Terence
  3546 | D:3      | Reached skill level 1 in Stealth
  3598 | D:3      | Noticed Robin
  3631 | D:3      | Killed Robin
  3632 | D:3      | Reached XP level 6. HP: 45/48 MP: 6/6
  3897 | D:4      | HP: 2/48 [acid (10)]
  4084 | D:4      | Reached skill level 5 in Maces & Flails
  4084 | D:4      | Reached XP level 7. HP: 54/54 MP: 7/7
  4201 | D:4      | Found a large runed translucent door.
  4201 | D:4      | Found a large runed translucent door.
  4204 | D:4      | Found a large runed translucent door.
  4204 | D:4      | Found a large runed translucent door.
  4205 | D:4      | Found the +7 Singing Sword {vorpal, sonic wave}
  4383 | D:4      | Noticed a wyvern
  6022 | D:4      | Killed a wyvern
  6204 | D:4      | Reached XP level 8. HP: 37/61 MP: 8/8
  6319 | D:4      | Upgraded the game from 0.29-a0-451-gfbfa42419e to
                  | 0.29-a0-453-gf113fcf677
  6461 | D:5      | Entered Level 5 of the Dungeon
  6486 | D:5      | Noticed Grinder
  6498 | D:5      | Paralysed by Grinder for 2 turns
  6561 | D:5      | Reached skill level 1 in Long Blades
  6631 | D:5      | Reached skill level 1 in Throwing
  6694 | D:5      | Reached skill level 5 in Fighting
  6694 | D:5      | Reached skill level 2 in Long Blades
  6842 | D:5      | Reached skill level 3 in Long Blades
  6980 | D:5      | Noticed Sigmund
  7002 | D:5      | Killed Sigmund
  7082 | D:5      | Reached skill level 4 in Long Blades
  7108 | D:5      | Reached XP level 9. HP: 68/68 MP: 9/9
  7185 | D:5      | Reached skill level 5 in Long Blades
  7206 | D:5      | Reached skill level 6 in Long Blades
  7230 | D:5      | Found the +8 Wrath of Trog {antimagic, *Rage Rampage}
  7624 | D:5      | Paralysed by Grinder for 4 turns
  7632 | D:5      | Killed Grinder
  7751 | D:6      | Noticed Blork the orc
  7759 | D:6      | Killed Blork the orc
  7760 | D:6      | Reached skill level 7 in Long Blades
  7798 | D:6      | Found an iron altar of Okawaru.
  7842 | D:6      | Noticed Duvessa
  7844 | D:6      | Noticed Dowan
  7857 | D:6      | Slain by Duvessa

Illustrated notes

Levels and vault maps discovered:
D:1:      minmay_arrival_checkered_box, layout_loops_ring
D:2:      kennysheep_six_static_rooms, layout_basic
D:3:      layout_basic, uniq_terence, uniq_robin
D:4:      layout_basic, grunt_ministairs_6, chequers_serial_rivers_micro_a,
          hangedman_glass_teeth, serial_bayou_pond_e,
          minmay_hollow_rounded_squares
D:5:      minmay_chambers_of_threes, layout_layer_cave, kennysheep_path_1,
          serial_bayou_lagoon_b, uniq_grinder, uniq_sigmund
D:6:      layout_basic, okawaru_trees_1, uniq_blork_the_orc, uniq_duvessa

Skill      XL: |  1  2  3  4  5  6  7  8  9 |
---------------+----------------------------+-----
Maces & Flails | 3 4 5 6 |  6.0
Dodging        | 1 2 3 |  3.7
Stealth        | 1 |  1.4
Fighting       | 4 5 |  5.6
Armour         | 3 |  3.9
Long Blades    | 4 7 |  7.8
Throwing       | 1 |  1.7
Shields        | |  2.8
Unarmed Combat | |  1.0
Evocations     | |  0.2

Action                   |  1- 3 |  4- 6 |  7- 9 || total
-------------------------+-------+-------+-------++-------
Melee: Mace              |   101 |   219 |   106 ||   426
       Double sword      |       |       |   107 ||   107
Throw: Boomerang         |       |    17 |     6 ||    23
Evoke: Wand              |       |     1 |     3 ||     4
  Use: Potion            |       |     1 |     2 ||     3
       Scroll            |       |     4 |     3 ||     7
 Stab: Sleeping          |       |     1 |     2 ||     3
Armor: Leather armour    |    46 |   106 |    77 ||   229
Dodge: Dodged            |    61 |   158 |   140 ||   359
Block: Buckler           |    16 |    41 |    38 ||    95

Table legend: (Time is in decaauts)
 A = Elapsed time spent in this place.
 B = Non-inter-level travel time spent in this place.
 C = Inter-level travel time spent in this place.
 D = Time resting spent in this place.
 E = Time spent auto-exploring this place.
 F = Levels seen in this place.
 G = Mean time per level.
                   A        B        C        D        E       F      G
               +--------+--------+--------+--------+--------+-----+--------+
         Total |   8006 |   7831 |    175 |   2698 |   3165 |   6 | 1334.3 |
       Dungeon |   8006 |   7831 |    175 |   2698 |   3165 |   6 | 1334.3 |
               +--------+--------+--------+--------+--------+-----+--------+

Top non-repeatable levels by time:
     D:3: 2240 daAuts
     D:4: 1541 daAuts
     D:2: 1515 daAuts
     D:5: 1306 daAuts
     D:1: 1292 daAuts
     D:6: 110 daAuts
